 Dungeon Crawl Stone Soup version 0.26.1-11-gd32895ea62 (webtiles) character file.

Game seed: 11031092153098440826

162 dtburroughs the Skirmisher (level 5, -1/47 HPs)
             Began as a Minotaur Berserker on May 17, 2021.
             Was a Believer of Trog.
             Slain by a gnoll
             ... wielding a +0 halberd
              (3 damage)
             ... on level 3 of the Dungeon.
             The game lasted 00:03:21 (2313 turns).

dtburroughs the Skirmisher (Minotaur Berserker)     Turns: 2313, Time: 00:03:21

Health: -1/47      AC:  5    Str: 22    XL:     5   Next: 19%
Magic:  4/4        EV: 12    Int:  5    God:    Trog [**....]
Gold:   98         SH:  0    Dex:  9    Spells: 4/4 levels left

rFire    . . .     SeeInvis .   h - +0 war axe
rCold    . . .     Faith    .   (no shield)
rNeg     . . .     Spirit   .   g - +0 ring mail
rPois    .         Reflect  .   (helmet restricted)
rElec    .         Harm     .   (no cloak)
rCorr    .         Rampage  .   (no gloves)
Will     .....                  (no boots)
Stlth    ..........             (no amulet)
HPRegen  0.15/turn              (no ring)
MPRegen  0.09/turn              (no ring)

@: no status effects
A: retaliatory headbutt, horns 2
a: Renounce Religion, Berserk, Trog's Hand


You were on level 3 of the Dungeon.
You worshipped Trog.
Trog was pleased with you.
You visited 1 branch of the dungeon, and saw 3 of its levels.

You collected 98 gold pieces.

Inventory:

Hand Weapons
 h - a +0 war axe (weapon)
Armour
 g - a +0 ring mail (worn)
Scrolls
 b - a scroll of enchant armour {unknown}
 e - 2 scrolls of magic mapping {unknown}
 f - 4 scrolls of identify {unknown}
 i - a scroll of blinking {unknown}
 j - a scroll of teleportation {unknown}
Potions
 a - 2 potions of berserk rage {unknown}
 c - 2 potions of brilliance {unknown}
 d - 2 potions of degeneration {unknown}


   Skills:
 + Level 4.8 Fighting
 + Level 4.7 Axes
 + Level 3.8 Armour
 + Level 3.4 Dodging


You had 4 spell levels left.
You didn't know any spells.
Your spell library was empty.

Dungeon Overview and Level Annotations

Branches:
Dungeon (3/15)

Altars:
Fedhas
Qazlal
Sif Muna


Innate Abilities, Weirdness & Mutations

You reflexively headbutt those who attack you in melee.
You have a pair of horns on your head.


Message History

Things that are here:
a +0 dagger; a kobold corpse; a ball python corpse You closely miss the gnoll.
Your headbutt misses the gnoll. The gnoll hits you with a +0 halberd!
You slash the gnoll!
The gnoll is almost dead.
The gnoll barely misses you. You furiously retaliate!
You headbutt the gnoll, but do no damage.
The gnoll misses you.
You closely miss the gnoll.
The gnoll is almost dead.
The gnoll hits you with a +0 halberd.
The gnoll hits you from afar with a +0 halberd!
* * * LOW HITPOINT WARNING * * *
You barely miss the gnoll. Your headbutt misses the gnoll.
The gnoll is almost dead.
The gnoll hits you with a +0 halberd!
* * * LOW HITPOINT WARNING * * *
The gnoll hits you from afar with a +0 halberd.
You die...

#.........####...##.##
+.........+...........
......... #.....>..
....... ##...##.##
..... ##.#.#.#.# .g.
#.##.....## #g#
##.#....... #g#
##...##### #@# ##.##
######†### #.#
..........# #.#
##.#...(..# #.#
#.#....#######.#
#.#..[.........#
#....#.#########
####.#.# #.#.#


You could see 3 gnolls.

Vanquished Creatures
  An orc wizard (D:2)
  An iguana (D:2)
  3 adders (D:2)
  2 oozes
  2 adder skeletons (D:2)
  2 leopard geckos
  2 orcs (D:2)
  2 bat zombies (D:2)
  A giant cockroach (D:1)
  8 goblins
  8 hobgoblins
  3 jackals (D:2)
  5 kobolds
  2 ball pythons
  A ball python zombie (D:2)
  4 bats
  5 frilled lizards (D:1)
  A leopard gecko zombie (D:2)
  A quokka skeleton (D:2)
  9 rats
63 creatures vanquished.

Vanquished Creatures (others)
  A fungus (D:2)
  A withered plant (D:2)
2 creatures vanquished.

Grand Total: 65 creatures vanquished

Notes
Turn   | Place    | Note
-------+----------+-------------------------------------------
     0 | D:1      | dtburroughs the Minotaur Berserker began the quest for the
                  | Orb.
     0 | D:1      | Reached XP level 1. HP: 19/19 MP: 0/0
   249 | D:1      | Reached XP level 2. HP: 25/27 MP: 1/1
   587 | D:1      | Reached ** piety under Trog
   665 | D:1      | Reached XP level 3. HP: 33/33 MP: 2/2
   898 | D:2      | Found a shimmering blue altar of Sif Muna.
  1058 | D:2      | Reached XP level 4. HP: 29/41 MP: 3/3
  1794 | D:2      | Reached XP level 5. HP: 47/47 MP: 4/4
  1895 | D:2      | Found a stormy altar of Qazlal.
  1908 | D:2      | Found a blossoming altar of Fedhas.
  2313 | D:3      | HP: 2/47 [gnoll/+0 halberd (11)]
  2313 | D:3      | Slain by a gnoll

Illustrated notes

Levels and vault maps discovered:
D:1:      lemuel_arrival_muddy, layout_basic
D:2:      layout_basic, grunt_temple_overflow_forces_of_nature,
          old_standard_altar, serial_undead, serial_undead_c, serial_undead_c,
          serial_undead_a, serial_undead_f
D:3:      layout_loops_corners, nicolae_ru_awakened_eye

Skill      XL: |  1  2  3 |
---------------+----------+-----
Axes           | 4 |  4.7
Fighting       | 4 |  4.8
Armour         | 3 |  3.8
Dodging        | 3 |  3.4

Action                   |  1- 3 |  4- 6 || total
-------------------------+-------+-------++-------
Melee: Hand axe          |    57 |    46 ||   103
       Headbutt          |    11 |     8 ||    19
       War axe           |       |    29 ||    29
Invok: Trog's Hand       |       |     1 ||     1
  Use: Potion            |       |     1 ||     1
Armor: Animal skin       |     5 |       ||     5
       Ring mail         |     7 |    18 ||    25
Dodge: Dodged            |    38 |    57 ||    95
